[Event "Team 45 45 League T82"]
[Site "Internet Chess Club"]
[Date "2019.10.03"]
[Round "2"]
[White "fledermaus"]
[Black "PolishRyszard"]
[Result "1-0"]
[WhiteElo "1901"]
[BlackElo "1847"]
[Opening "Old Indian defense"]
[ECO "A42"]
[Time "14:34:36"]
[TimeControl "2700+45"]

1. d4 d6 2. c4 f5 3. Nc3 Nf6 4. Bg5 Nbd7 5. Qc2 g6 6. e3 Bg7 7. Nf3 O-O 8. Be2
c6 9. O-O e5 10. dxe5 dxe5 11. Rad1 Qe7 12. a3 a5 13. Na4 h6 14. Bxf6 Bxf6 15.
c5 e4 16. Nd4 Ne5 17. Nb6 Rb8 18. Nb3 Be6 19. Nxa5 Rbd8 20. b4 g5 21. Nac4 g4
22. Nxe5 Bxe5 23. Bc4 Kh7 24. Bxe6 Qxe6 25. Nc4 Bb8 26. g3 h5 27. Na5 Qe7 28.
Rxd8 Rxd8 29. Rd1 Rxd1+ 30. Qxd1 h4 31. Nc4 hxg3 32. hxg3 Kg6 33. Qd4 Bc7 34. a4
Qe6 35. b5 cxb5 36. axb5 Qe7 37. Qd5 Kf6 38. b6 Bd8 39. Nd6 Qd7 40. Nxe4+ Ke7
41. Nd6 Qe6 42. Nxf5+ Kf6 43. Qxe6+ Kxe6 44. Nd6 Bxb6 45. Nxb7 Bc7 46. Nd6 Kd5
47. Nf7 Ke4 48. Kg2 Bb8 49. Nh6 {Black resigns} 1-0

[Event "Team 45 45 League T82"]
[Site "Internet Chess Club"]
[Date "2019.10.06"]
[Round "2"]
[White "cadmiumorange"]
[Black "zepled37"]
[Result "1-0"]
[WhiteElo "1761"]
[BlackElo "1657"]
[Opening "Réti: King's Indian attack"]
[ECO "A05"]
[Time "08:17:22"]
[TimeControl "2700+45"]

1. Nf3 Nf6 2. g3 g6 3. Bg2 Bg7 4. O-O c5 5. d3 O-O 6. e4 d6 7. c3 Nc6 8. a4 Qc7
9. Na3 a6 10. Nc4 Rd8 11. Bf4 Nh5 12. Be3 Rb8 13. a5 Be6 14. Qa4 h6 15. Nb6 Nf6
16. Nd2 d5 17. Bf4 Rd6 18. e5 Nh5 19. exd6 exd6 {Black resigns} 1-0

[Event "Team 45 45 League T82"]
[Site "Internet Chess Club"]
[Date "2019.10.04"]
[Round "2"]
[White "Grenadier"]
[Black "carvajales"]
[Result "0-1"]
[WhiteElo "1615"]
[BlackElo "1717"]
[Opening "French: advance, Wade variation"]
[ECO "C02"]
[Time "08:03:00"]
[TimeControl "2700+45"]

1. e4 e6 2. d4 d5 3. e5 c5 4. c3 Qb6 5. Nf3 Bd7 6. Bd3 Bb5 7. dxc5 Bxc5 8. O-O
Nc6 9. b4 Be7 10. Bxb5 Qxb5 11. Be3 Nh6 12. Nbd2 Nf5 13. a4 Qd3 14. b5 Nxe3 15.
fxe3 Nxe5 16. Nxe5 Qxe3+ 17. Kh1 Qxe5 18. Qf3 O-O 19. c4 Rac8 20. Rae1 Qg5 21.
Qe2 Bb4 22. Nf3 Qh5 23. Rc1 Rxc4 24. Rxc4 dxc4 25. Qxc4 Qc5 26. Qe4 Qe7 27. Ne5
f6 28. Ng4 f5 {White resigns} 0-1

[Event "Team 45 45 League T82"]
[Site "Internet Chess Club"]
[Date "2019.10.05"]
[Round "2"]
[White "mongmong"]
[Black "GoIrish"]
[Result "1/2-1/2"]
[WhiteElo "1492"]
[BlackElo "1515"]
[Opening "King's Indian, 3.Nf3"]
[ECO "E61"]
[Time "19:35:16"]
[TimeControl "2700+45"]

1. d4 Nf6 2. Nf3 g6 3. c4 Bg7 4. Nc3 O-O 5. Bg5 d6 6. e3 h6 7. Bh4 Nbd7 8. Be2
Qe8 9. O-O e5 10. Re1 c6 11. Qc2 g5 12. Bg3 Nh5 13. dxe5 Nxg3 14. hxg3 Nxe5 15.
Nxe5 dxe5 16. Rad1 Be6 17. b3 Qe7 18. e4 f5 19. exf5 Bxf5 20. Ne4 Bg6 21. Bd3
Rad8 22. Nf6+ Qxf6 23. Bxg6 Rxd1 {Game drawn by mutual agreement} 1/2-1/2

[Event "Team 45 45 League T82"]
[Site "Internet Chess Club"]
[Date "2019.10.05"]
[Round "2"]
[White "ElValero"]
[Black "cysk"]
[Result "1-0"]
[WhiteElo "1800"]
[BlackElo "1777"]
[Opening "Réti v Dutch"]
[ECO "A04"]
[Time "13:04:00"]
[TimeControl "2700+45"]

1. Nf3 f5 2. g3 Nf6 3. Bg2 d5 4. d4 e6 5. O-O Bd6 6. c4 c6 7. c5 Bc7 8. Nc3 O-O
9. Bg5 Nbd7 10. e3 b6 11. b4 Bb7 12. Qc2 Qe8 13. Bf4 e5 14. dxe5 Nxe5 15. Nd4
bxc5 16. bxc5 Ba6 17. Rfd1 Ne4 18. f3 Nxc3 19. Qxc3 Bc4 20. Rab1 Rb8 21. Nxc6
Rb4 {Black resigns} 1-0

[Event "Team 45 45 League T82"]
[Site "Internet Chess Club"]
[Date "2019.10.07"]
[Round "2"]
[White "fishhead"]
[Black "Portola"]
[Result "0-1"]
[WhiteElo "1633"]
[BlackElo "1719"]
[Opening "French: advance, Milner-Barry gambit"]
[ECO "C00"]
[Time "14:00:45"]
[TimeControl "2700+45"]

1. e4 e6 2. Nf3 d5 3. e5 c5 4. d4 Nc6 5. c3 Qb6 6. Bd3 Bd7 7. dxc5 Bxc5 8. O-O
a5 9. b3 Nge7 10. Na3 Ng6 11. Qe2 Qd8 12. Nb5 O-O 13. g3 Be7 14. h4 f5 15. exf6
Bxf6 16. Ng5 Nce5 17. Nxh7 Nxd3 18. Nxf6+ Qxf6 19. Qxd3 Ne5 20. Qe2 Bxb5 21.
Qxb5 Nf3+ 22. Kg2 Qg6 23. Rh1 Qe4 24. Rd1 Nxh4+ 25. Kh3 Rxf2 26. Bf4 Nf3 27. Rh1
Qh7+ 28. Kg4 Qf5# {White checkmated} 0-1

[Event "Team 45 45 League T82"]
[Site "Internet Chess Club"]
[Date "2019.10.04"]
[Round "2"]
[White "VictorRed"]
[Black "Goli"]
[Result "1/2-1/2"]
[WhiteElo "1676"]
[BlackElo "1680"]
[Opening "Pirc: classical (two knights) system"]
[ECO "B06"]
[Time "18:04:33"]
[TimeControl "2700+45"]

1. e4 g6 2. d4 Bg7 3. Nf3 d6 4. Nc3 Nf6 5. Bd3 O-O 6. Bg5 c5 7. d5 a6 8. a4 Qc7
9. O-O Bg4 10. h3 Bxf3 11. Qxf3 Nbd7 12. Qe3 e6 13. Bh6 exd5 14. exd5 Rfe8 15.
Qd2 Bh8 16. Rfe1 Ne5 17. Be2 Re7 18. f4 Ned7 19. Bf3 Rae8 20. Rxe7 Rxe7 21. Re1
Qd8 22. Bg5 Rxe1+ 23. Qxe1 Qe8 24. Qxe8+ Nxe8 25. Be7 Bxc3 26. bxc3 b5 27. axb5
a5 28. Be2 a4 29. Bc4 f5 30. Bd8 Kf7 31. b6 Nef6 32. Bxf6 Nxb6 33. Ba2 Kxf6 34.
Kf2 c4 35. g3 Nxd5 36. Bxc4 Nxc3 37. Ke3 a3 38. Kd4 a2 39. Bxa2 Nxa2 40. c4 Ke6
41. g4 fxg4 42. hxg4 Nb4 43. Kc3 Nc6 44. Kd3 h6 45. Ke4 Ne7 46. Kd4 Kd7 47. c5
d5 48. Ke5 h5 49. f5 Nxf5 50. gxf5 d4 51. fxg6 d3 52. g7 d2 53. g8=Q d1=Q 54.
Qe6+ Kc7 55. Qb6+ Kc8 56. Qc6+ Kd8 57. Qd6+ Qxd6+ 58. cxd6 Kd7 59. Kf5 Kxd6 60.
Kg5 Kd5 61. Kxh5 {Game drawn because neither player has mating material} 1/2-1/2

[Event "Team 45 45 League T82"]
[Site "Internet Chess Club"]
[Date "2019.10.04"]
[Round "2"]
[White "MacroPawn"]
[Black "calsal"]
[Result "0-1"]
[WhiteElo "1696"]
[BlackElo "1831"]
[Opening "English opening"]
[ECO "A20"]
[Time "18:20:29"]
[TimeControl "2700+45"]

1. c4 e5 2. g3 Nc6 3. Bg2 f5 4. Nc3 Nf6 5. e4 fxe4 6. Nxe4 Nxe4 7. Bxe4 Qf6 8.
d3 Bb4+ 9. Bd2 O-O 10. f3 Bc5 11. Ne2 d6 12. Qc2 Bh3 13. O-O-O Bg2 14. Rhe1 Bf2
15. Ng1 Nd4 16. Qa4 c6 17. Rf1 Bxf1 18. Rxf1 Bxg1 19. Rxg1 Ne2+ {White resigns}
0-1

[Event "Team 45 45 League T82"]
[Site "Internet Chess Club"]
[Date "2019.10.06"]
[Round "2"]
[White "Beetlejuice"]
[Black "nathanpillay"]
[Result "0-1"]
[WhiteElo "1670"]
[BlackElo "1795"]
[Opening "Catalan opening"]
[ECO "E00"]
[Time "10:01:33"]
[TimeControl "2700+45"]

1. d4 Nf6 2. c4 e6 3. g3 Bb4+ 4. Bd2 c5 5. Bxb4 cxb4 6. Bg2 O-O 7. e4 d6 8. Ne2
e5 9. O-O Nc6 10. Qd2 Qb6 11. Rd1 Bg4 12. f3 Bh5 13. Kh1 Rfe8 14. a3 a5 15. d5
Ne7 16. g4 Bg6 17. Ng3 h5 18. h3 hxg4 19. hxg4 Nd7 20. axb4 axb4 21. Rxa8 Rxa8
22. Nf5 Bxf5 23. gxf5 f6 24. Rg1 Kf7 25. Bf1 Rh8+ 26. Kg2 Rh5 27. Rh1 Rg5+ 28.
Kh2 g6 29. Bh3 gxf5 30. exf5 Nxf5 31. Qc2 Qe3 32. Bg4 Qf4+ 33. Kg1 Qxf3 {White
resigns} 0-1

[Event "Team 45 45 League T82"]
[Site "Internet Chess Club"]
[Date "2019.10.05"]
[Round "2"]
[White "ivanson"]
[Black "Demachaeron"]
[Result "1/2-1/2"]
[WhiteElo "1664"]
[BlackElo "1726"]
[Opening "Scandinavian (center counter) defense"]
[ECO "B01"]
[Time "19:01:26"]
[TimeControl "2700+45"]

1. e4 d5 2. exd5 Qxd5 3. Nc3 Qd8 4. d4 Nf6 5. Nf3 Bf5 6. Ne5 Nbd7 7. Bf4 e6 8.
Bd3 Bxd3 9. Qxd3 Bb4 10. O-O O-O 11. Rad1 Bxc3 12. Qxc3 Nd5 13. Qg3 Nxf4 14.
Qxf4 Nf6 15. Rd3 Qd5 16. b3 Qe4 17. Qd2 Qd5 18. Rd1 {Game drawn by mutual
agreement} 1/2-1/2

[Event "Team 45 45 League T82"]
[Site "Internet Chess Club"]
[Date "2019.10.04"]
[Round "2"]
[White "bennywins"]
[Black "PJ"]
[Result "1-0"]
[WhiteElo "1648"]
[BlackElo "1538"]
[Opening "French: advance variation"]
[ECO "C02"]
[Time "14:03:45"]
[TimeControl "2700+45"]

1. e4 e6 2. d4 d5 3. e5 c5 4. c3 Nc6 5. Be3 Nge7 6. f4 Nf5 7. Bf2 cxd4 8. g4
dxc3 9. Nxc3 d4 10. gxf5 dxc3 11. fxe6 Bxe6 12. bxc3 Qa5 13. Ne2 Rd8 14. Qb1 Bc4
15. Qxb7 Qd5 16. Nd4 Nxd4 17. Qxd5 Bxd5 18. Bxd4 Bxh1 19. Bb5+ Ke7 20. O-O-O Bd5
21. f5 f6 22. e6 Bxe6 23. Bc5+ Kf7 24. fxe6+ Kxe6 25. Rxd8 {Black resigns} 1-0

[Event "Team 45 45 League T82"]
[Site "Internet Chess Club"]
[Date "2019.10.02"]
[Round "2"]
[White "achessman"]
[Black "Martini999"]
[Result "1/2-1/2"]
[WhiteElo "1874"]
[BlackElo "1792"]
[Opening "Réti: King's Indian attack (Barcza system)"]
[ECO "A07"]
[Time "21:05:18"]
[TimeControl "2700+45"]

1. Nf3 d5 2. g3 Nf6 3. Bg2 e6 4. O-O c5 5. c4 d4 6. e3 Nc6 7. exd4 cxd4 8. d3
Bd6 9. Re1 O-O 10. Bg5 h6 11. Bxf6 Qxf6 12. Nbd2 Bc7 13. a3 a5 14. Rb1 a4 15.
Rc1 e5 16. c5 Bg4 17. h3 Bd7 18. Nc4 Bf5 {Game drawn by mutual agreement}
1/2-1/2

[Event "Team 45 45 League T82"]
[Site "Internet Chess Club"]
[Date "2019.10.04"]
[Round "2"]
[White "primerpaso"]
[Black "sergerich191"]
[Result "1-0"]
[WhiteElo "1813"]
[BlackElo "1744"]
[Opening "English: Caro-Kann defensive system"]
[ECO "A11"]
[Time "19:02:40"]
[TimeControl "2700+45"]

1. c4 c6 2. Nc3 d5 3. cxd5 cxd5 4. d4 Nf6 5. g3 Nc6 6. Bg2 Be6 7. Nf3 g6 8. O-O
Bg7 9. h3 Qd7 10. Kh2 O-O 11. Bf4 Nh5 12. Be3 f5 13. Ng5 Nf6 14. Nxe6 Qxe6 15.
Qb3 Rfd8 16. Rac1 Qd7 17. Rfd1 Rac8 18. Bg5 Ne4 19. Nxe4 fxe4 20. Qe3 Qf5 21.
Rd2 Rf8 22. Rf1 e6 23. f3 Bxd4 24. Rxd4 Nxd4 25. fxe4 Qe5 26. Bf4 Nc2 27. Qxa7
Qxb2 28. exd5 e5 29. Bc1 Qb1 30. Rxf8+ Rxf8 31. Bh6 Rd8 32. Qf2 Qb5 33. Qf6 Qd7
34. d6 Ne3 35. Bxe3 Qxd6 36. Qxd6 Rxd6 37. Bxb7 Kg7 38. a4 Rd7 39. Ba6 Rd5 40.
Bb6 Kf6 41. a5 Ke7 42. Bb7 Rb5 43. Kg2 Kd6 44. Kf3 Rb4 45. Be4 Rb3+ 46. e3 Rb4
47. a6 {Black resigns} 1-0

[Event "Team 45 45 League T82"]
[Site "Internet Chess Club"]
[Date "2019.10.07"]
[Round "2"]
[White "MarcB"]
[Black "Portola"]
[Result "1-0"]
[WhiteElo "1729"]
[BlackElo "1703"]
[Opening "Queen's pawn game, Darooha variation "]
[ECO "D02"]
[Time "19:00:25"]
[TimeControl "2700+45"]

1. Nf3 d5 2. d4 Nf6 3. g3 Bf5 4. Bg2 h6 5. O-O c6 6. Nbd2 e6 7. c4 Be7 8. cxd5
exd5 9. Qb3 Qb6 10. Qxb6 axb6 11. b3 O-O 12. Bb2 Nbd7 13. a4 Rfe8 14. e3 Bb4 15.
Ba3 Bxd2 16. Nxd2 Ra7 17. Rfc1 Rea8 18. Bb2 Nf8 19. f3 Be6 20. e4 dxe4 21. fxe4
Rd8 22. Nc4 N6d7 23. d5 cxd5 24. exd5 Bf5 25. Ne3 Bg6 26. Bd4 Nh7 27. b4 Raa8
28. Rc7 Nhf6 29. Rxb7 Ne4 30. Bxb6 Rdb8 31. Rxb8+ Rxb8 32. Ba5 Nb6 33. Bxb6 Rxb6
34. b5 Nc3 35. Ra3 Nb1 36. Rb3 Rf6 37. b6 Nd2 38. Rb2 Nf3+ 39. Bxf3 Rxf3 40. b7
Rxe3 41. b8=Q+ Kh7 42. Qf4 Re1+ 43. Kf2 Rh1 44. Kg2 Re1 45. Kf2 Rh1 46. Ke3 Re1+
47. Kd4 Ra1 48. Kc5 Ra3 49. Kb4 Rd3 50. Rd2 {Black resigns} 1-0

[Event "Team 45 45 League T82"]
[Site "Internet Chess Club"]
[Date "2019.10.09"]
[Round "2"]
[White "Zebbile"]
[Black "janh"]
[Result "0-1"]
[WhiteElo "1794"]
[BlackElo "1847"]
[Opening "Queen's bishop game"]
[ECO "D02"]
[Time "22:47:42"]
[TimeControl "2700+45"]

1. Nf3 d5 2. d4 Nf6 3. Bf4 e6 4. e3 c5 5. c3 Nc6 6. Bd3 Bd6 7. Bg3 Qe7 8. Ne5
O-O 9. Nd2 Qc7 10. Ndf3 Ne7 11. O-O Nf5 12. Qe2 Ne4 13. Qc2 f6 14. Bxe4 dxe4 15.
Qxe4 fxe5 16. Bxe5 Bd7 17. Bxd6 Nxd6 18. Qe5 Rf5 19. Qg3 Raf8 20. Rad1 Bb5 21.
Rfe1 Qe7 22. e4 Rf4 23. Nd2 Rxf2 24. dxc5 Nc4 25. Nxc4 Bxc4 26. b3 Qxc5 27. Kh1
Bf1 28. b4 Qb6 29. Rd6 Bxg2+ 30. Kg1 Rf1+ 31. Kxg2 Qg1+ 32. Kh3 Qxg3+ 33. hxg3
Rxe1 34. Rxe6 Kf7 35. Re5 Re8 36. Rf5+ Kg6 37. Rb5 Re7 38. Ra5 b6 39. Rd5 R1xe4
40. a4 Rc4 41. Rd6+ Kf7 42. Rd3 Rec7 43. Rf3+ Kg6 44. a5 bxa5 45. bxa5 Rxc3 46.
Rf2 Ra3 47. Re2 Rxa5 48. Re6+ Kg5 49. Re5+ Rxe5 {White resigns} 0-1

[Event "Team 45 45 League T82"]
[Site "Internet Chess Club"]
[Date "2019.10.03"]
[Round "2"]
[White "ANGELLR"]
[Black "room-matt"]
[Result "1-0"]
[WhiteElo "1796"]
[BlackElo "1828"]
[Opening "Queen's pawn: London system"]
[ECO "A45"]
[Time "15:02:30"]
[TimeControl "2700+45"]

1. d4 Nf6 2. Bf4 e6 3. e3 d5 4. Nf3 Bd6 5. Nbd2 Bxf4 6. exf4 O-O 7. Bd3 Qd6 8.
g3 c5 9. dxc5 Qxc5 10. O-O Nc6 11. c3 b5 12. Nb3 Qb6 13. Nbd4 b4 14. Nxc6 Qxc6
15. cxb4 Qb6 16. a3 Bb7 17. Qe2 Rfd8 18. Rac1 Rd6 19. Ne5 h6 20. Rc5 Nd7 21. Qh5
Rf8 22. Nxd7 Rxd7 23. Rfc1 a6 24. Qe5 f6 25. Qh5 Rfd8 26. Qg6 Kf8 27. Qh7 e5 28.
Bg6 Qe6 29. Bf5 Qf7 30. Bxd7 Rxd7 31. fxe5 fxe5 32. Qh8+ Ke7 33. Rc7 Kd6 34.
Rxd7+ Qxd7 35. Qb8+ Ke6 36. Rc7 {Black resigns} 1-0

[Event "Team 45 45 League T82"]
[Site "Internet Chess Club"]
[Date "2019.10.02"]
[Round "2"]
[White "elmaestro"]
[Black "iSeba"]
[Result "0-1"]
[WhiteElo "1674"]
[BlackElo "1779"]
[Opening "English opening"]
[ECO "A20"]
[Time "23:42:37"]
[TimeControl "2700+45"]

1. c4 e5 2. g3 Nf6 3. Bg2 c6 4. Nc3 d5 5. cxd5 cxd5 6. d4 exd4 7. Qxd4 Nc6 8.
Qd1 Be6 9. Nf3 d4 10. Na4 b5 11. Nxd4 Nxd4 12. Nc3 Rc8 13. O-O a6 14. Be3 Nc6
15. Qb1 Bd6 16. Rd1 Qe7 17. Ne4 Nxe4 18. Bxe4 Nd8 19. Qd3 Bc5 20. Bf4 Qa7 21.
Qf3 O-O 22. e3 f5 23. Bd5 Qf7 24. Rac1 Bxd5 25. Rxd5 Ne6 26. b4 Nxf4 27. Qxf4
Qxd5 28. bxc5 Rxc5 29. h4 Rxc1+ {White resigns} 0-1

[Event "Team 45 45 League T82"]
[Site "Internet Chess Club"]
[Date "2019.10.07"]
[Round "2"]
[White "VictorRed"]
[Black "backrankbrawler"]
[Result "0-1"]
[WhiteElo "1664"]
[BlackElo "1766"]
[Opening "Queen's pawn game"]
[ECO "A46"]
[Time "23:09:27"]
[TimeControl "2700+45"]

1. Nf3 Nf6 2. d4 e6 3. g3 d5 4. Bg2 Be7 5. O-O O-O 6. Nc3 b6 7. Bf4 c6 8. Re1
Nbd7 9. e4 Bb4 10. e5 Ne4 11. Bd2 Nxd2 12. Qxd2 Ba6 13. a3 Be7 14. Nd1 c5 15. c3
Rc8 16. Ne3 Qc7 17. Rac1 c4 18. Kh1 b5 19. Ng1 Bb7 20. f4 Qb6 21. f5 Bg5 22. Qf2
a5 23. g4 b4 24. axb4 axb4 25. h4 Bxe3 26. Qxe3 Ra8 27. Rf1 f6 28. exf6 Rxf6 29.
Ne2 exf5 30. Rxf5 Raf8 31. Bxd5+ Bxd5+ 32. Rxd5 Qc6 33. Qe4 Rd6 34. Re5 Nxe5 35.
Qxc6 Nxc6 36. Kg2 Rdf6 37. Rc2 b3 38. Rd2 Rf2+ 39. Kg1 Ne7 40. d5 Nxd5 {White
resigns} 0-1

[Event "Team 45 45 League T82"]
[Site "Internet Chess Club"]
[Date "2019.10.03"]
[Round "2"]
[White "mongmong"]
[Black "Constrictor"]
[Result "0-1"]
[WhiteElo "1491"]
[BlackElo "1553"]
[Opening "Queen's pawn game"]
[ECO "D04"]
[Time "20:01:32"]
[TimeControl "2700+45"]

1. d4 d5 2. Nf3 Nf6 3. e3 Bf5 4. c4 e6 5. Nc3 c6 6. Nh4 Be4 7. f3 Bg6 8. Nxg6
hxg6 9. Qb3 Qc7 10. Bd2 Bd6 11. O-O-O Rxh2 12. Bd3 Nbd7 13. Rxh2 Bxh2 14. Rh1
Bd6 15. Rh8+ Nf8 16. e4 Bf4 17. e5 Bxd2+ 18. Kxd2 Nd7 19. Rg8 O-O-O 20. Rxg7
dxc4 21. Bxc4 Nb6 22. Ke3 Nxc4+ 23. Qxc4 Qe7 24. Ne4 Kb8 25. Nd6 Qg5+ 26. Kf2
Qd2+ 27. Qe2 Qxd4+ 28. Kg3 Rxd6 29. exd6 Qxd6+ 30. Kh3 Qf4 31. Rg8 Kc7 32. g3
Qh6+ 33. Kg2 Nd7 34. b4 Qg5 35. Rg7 Qf6 36. Rh7 Nb6 37. f4 Nd7 38. a4 g5 39.
fxg5 Qxg5 40. Rxf7 Qd5+ 41. Kh2 Kd6 42. Rh7 Ne5 43. Rxb7 Nf3+ 44. Kh3 Ng1+
{White resigns} 0-1

[Event "Team 45 45 League T82"]
[Site "Internet Chess Club"]
[Date "2019.10.06"]
[Round "2"]
[White "Hal2001"]
[Black "dalmata"]
[Result "0-1"]
[WhiteElo "1507"]
[BlackElo "1535"]
[Opening "French: Two knights variation"]
[ECO "C00"]
[Time "12:07:08"]
[TimeControl "2700+45"]

1. e4 e6 2. Nc3 d5 3. Nf3 Nf6 4. e5 Nfd7 5. d4 c5 6. dxc5 Bxc5 7. Bd3 h6 8. Bf4
Nc6 9. O-O O-O 10. Qd2 f6 11. Bxh6 gxh6 12. Qxh6 Rf7 13. Bg6 Rg7 14. exf6 Qxf6
15. Nh4 Nf8 16. Qh5 Nxg6 17. Nxd5 exd5 18. Qxd5+ Kh7 19. Nxg6 Qxg6 {White
resigns} 0-1

[Event "Team 45 45 League T82"]
[Site "Internet Chess Club"]
[Date "2019.10.05"]
[Round "2"]
[White "JPSVI"]
[Black "kabindra"]
[Result "1-0"]
[WhiteElo "1695"]
[BlackElo "1616"]
[Opening "Réti opening"]
[ECO "A05"]
[Time "17:01:01"]
[TimeControl "2700+45"]

1. Nf3 Nf6 2. g3 d5 3. c4 c6 4. Bg2 Bf5 5. O-O Na6 6. cxd5 cxd5 7. Nc3 e6 8.
Qa4+ Nd7 9. d3 Nc5 10. Qf4 Bd6 11. Qxd6 {Black resigns} 1-0

[Event "Team 45 45 League T82"]
[Site "Internet Chess Club"]
[Date "2019.10.04"]
[Round "2"]
[White "ARMAND02019"]
[Black "Skeptic1972"]
[Result "1-0"]
[WhiteElo "1638"]
[BlackElo "1404"]
[Opening "Nimzo-Indian: 4.e3, main line with 7...Nc6"]
[ECO "E56"]
[Time "15:09:05"]
[TimeControl "2700+45"]

1. d4 Nf6 2. c4 e6 3. Nc3 Bb4 4. e3 O-O 5. Bd3 d5 6. Nf3 c5 7. O-O Nc6 8. a3
cxd4 9. exd4 dxc4 10. Bxc4 Be7 11. Re1 Re8 12. Be3 Ng4 13. Bf4 Bd6 14. Bxd6 Qxd6
15. h3 Nf6 16. Nb5 Qd8 17. d5 a6 18. dxc6 axb5 19. Bxb5 Qb6 {Black resigns} 1-0

[Event "Team 45 45 League T82"]
[Site "Internet Chess Club"]
[Date "2019.10.03"]
[Round "2"]
[White "fireball"]
[Black "olivermx"]
[Result "1/2-1/2"]
[WhiteElo "1489"]
[BlackElo "1251"]
[Opening "Giuoco Piano: four knights variation"]
[ECO "C25"]
[Time "20:01:49"]
[TimeControl "2700+45"]

1. e4 e5 2. Nc3 Nc6 3. Bc4 Bc5 4. Nf3 Nf6 5. O-O O-O 6. a3 d6 7. b4 Bb6 8. Bb2
a6 9. h3 Bd7 10. d3 Qe7 11. Kh1 Nd8 12. Nh2 Ne6 13. Ne2 Nh5 14. Bxe6 Bxe6 15. g4
Nf6 16. f4 exf4 17. Nxf4 Bd7 18. g5 Nxe4 19. dxe4 Qxe4+ 20. Ng2 Bxh3 21. Qf3
Bxg2+ 22. Qxg2 Qxg2+ 23. Kxg2 Rfe8 24. Rae1 Re6 25. Rxe6 fxe6 26. Nf3 e5 27. c4
e4 28. Nd4 Bxd4 29. Bxd4 Re8 30. Re1 c6 31. Kg3 d5 32. cxd5 cxd5 33. Rc1 Re7 34.
Rc5 Rd7 35. Kf4 Kf7 36. Ke5 Re7+ 37. Kxd5 e3 38. Rc1 e2 39. Re1 Kg6 40. Kc4 Kxg5
41. Kd3 g6 42. Rxe2 Rxe2 43. Kxe2 h5 44. Kf3 Kf5 45. a4 g5 46. Bb6 g4+ 47. Kg3
Ke4 48. Kh4 Kd5 49. Kxh5 g3 50. a5 g2 51. Kh4 Kc4 52. Bc5 g1=Q 53. Bxg1 Kxb4 54.
Bb6 Kc4 55. Kg5 Kd5 56. Kf6 Kd6 57. Kf7 Kd7 58. Kf8 Kc8 59. Ke7 Kb8 60. Kd7 Ka8
61. Bd8 Kb8 62. Kd6 Kc8 63. Bg5 Kb8 64. Kc5 Ka8 65. Kb6 Kb8 66. Bf4+ Ka8 67. Kc7
Ka7 68. Kc8 Ka8 69. Kc7 Ka7 70. Be3+ Ka8 71. Kb6 Kb8 72. Bf4+ Ka8 73. Kc7 Ka7
74. Kc8 Ka8 75. Bc7 Ka7 76. Bb8+ Ka8 77. Bg3 Ka7 78. Bf2+ Ka8 79. Kc7 b6 80.
Kxb6 Kb8 81. Kxa6 Ka8 82. Kb6 Kb8 83. a6 Ka8 84. Kc6 Kb8 85. Kb6 Ka8 86. Kb5 Kb8
87. a7+ Ka8 88. Kc4 Kb7 89. Kd5 Ka8 90. Ke6 Kb7 91. Kd7 Ka8 92. Kd8 Kb7 {Game
drawn by mutual agreement} 1/2-1/2

[Event "Team 45 45 League T82"]
[Site "Internet Chess Club"]
[Date "2019.10.06"]
[Round "2"]
[White "oldbookseller"]
[Black "nidusin2"]
[Result "0-1"]
[WhiteElo "1004"]
[BlackElo "1476"]
[Opening "Queen's Pawn"]
[ECO "A41"]
[Time "09:30:50"]
[TimeControl "2700+45"]

1. d4 d6 2. Nf3 Nf6 3. e3 Nbd7 4. Bd3 e5 5. dxe5 dxe5 6. Nbd2 Bb4 7. O-O O-O 8.
c3 Be7 9. Bc2 Re8 10. Ne4 Nc5 11. Qe2 Ncxe4 12. Nxe5 Bd6 13. Nxf7 Kxf7 14. Bb3+
Be6 15. c4 Kg8 16. f4 Bg4 17. c5+ Kh8 18. Qc4 Be6 19. Qb4 Bxc5 20. Qxb7 Rb8 21.
Qa6 Bxb3 22. axb3 Rxb3 23. Qe2 Qd3 24. Qe1 Bxe3+ 25. Kh1 Bxc1 26. Qxc1 Qd2 27.
Qxc7 Rxb2 28. Qf7 Qxg2# {White checkmated} 0-1

[Event "Team 45 45 League T82"]
[Site "Internet Chess Club"]
[Date "2019.10.07"]
[Round "2"]
[White "WillC"]
[Black "Bizzy-Ketty"]
[Result "1/2-1/2"]
[WhiteElo "1581"]
[BlackElo "1582"]
[Opening "Queen's pawn game"]
[ECO "A46"]
[Time "16:32:56"]
[TimeControl "2700+45"]

1. d4 Nf6 2. Nf3 e6 3. b3 d5 4. Bb2 c5 5. e3 Nc6 6. Nbd2 Bd6 7. a3 O-O 8. Bd3
Re8 9. Ne5 Qc7 10. f4 a6 11. O-O b5 12. c4 cxd4 13. Nxc6 Qxc6 14. cxb5 axb5 15.
Bxd4 e5 16. Rc1 Qb7 17. fxe5 Bxe5 18. Rc5 Bd7 19. Qc2 Qb8 20. Nf3 Bxd4 21. exd4
Qf4 22. Qd2 Qxd2 23. Nxd2 Rxa3 24. Bxb5 Bxb5 25. Rxb5 h6 26. h3 Ra2 27. Rf2 Rc8
28. Nf3 Rc1+ 29. Rf1 Rcc2 30. Rb8+ Kh7 31. Ne1 Rd2 32. Rb7 Kg8 33. Rb8+ Kh7 34.
Rb7 Kg8 35. Rb8+ {Game drawn by mutual agreement} 1/2-1/2

[Event "Team 45 45 League T82"]
[Site "Internet Chess Club"]
[Date "2019.10.02"]
[Round "2"]
[White "Gojira"]
[Black "Kingofknights"]
[Result "1-0"]
[WhiteElo "1615"]
[BlackElo "1573"]
[Opening "Queen's pawn, Mason variation"]
[ECO "D00"]
[Time "22:00:23"]
[TimeControl "2700+45"]

1. d4 d5 2. Bf4 Nf6 3. e3 e6 4. Nf3 c5 5. c3 Nc6 6. Bd3 cxd4 7. exd4 Be7 8. h3
O-O 9. Nbd2 a5 10. Ne5 Nxe5 11. dxe5 Nd7 12. Nf3 Nc5 13. Bc2 b5 14. h4 Bb7 15.
Bxh7+ Kh8 16. Bc2 Qc7 17. Ng5 g6 18. h5 Kg7 19. hxg6 fxg6 20. Rh7+ Kg8 21. Qg4
Bc8 22. Qh4 {Black resigns} 1-0

[Event "Team 45 45 League T82"]
[Site "Internet Chess Club"]
[Date "2019.10.03"]
[Round "2"]
[White "tightfist"]
[Black "tryanything"]
[Result "0-1"]
[WhiteElo "1533"]
[BlackElo "1525"]
[Opening "Queen's pawn game, Chigorin variation"]
[ECO "A04"]
[Time "19:10:50"]
[TimeControl "2700+45"]

1. Nf3 Nc6 2. d4 d5 3. Bf4 e6 4. c3 Bd6 5. Bg5 f6 6. Bd2 Nge7 7. e3 b6 8. Bb5
Bb7 9. O-O O-O 10. Na3 Ng6 11. Qa4 Nce7 12. Bd7 e5 13. Be6+ Kh8 14. Qb3 e4 15.
Ne1 Bxh2+ 16. Kh1 Bd6 17. f4 f5 18. g4 Rf6 19. gxf5 Nxf5 20. Bxf5 Rxf5 21. Ng2
Rh5+ 22. Kg1 Nh4 23. Ne1 Qf6 24. Kf2 Nf5 25. Ke2 Ng3+ 26. Kf2 Nxf1 27. Kxf1 Ba6+
28. c4 Bxa3 29. Qxa3 Bxc4+ 30. Kf2 Qh4+ 31. Kg1 Qh2# {White checkmated} 0-1

[Event "Team 45 45 League T82"]
[Site "Internet Chess Club"]
[Date "2019.10.05"]
[Round "2"]
[White "Electryon"]
[Black "kingphisch"]
[Result "1-0"]
[WhiteElo "1481"]
[BlackElo "1410"]
[Opening "English opening"]
[ECO "A05"]
[Time "15:01:02"]
[TimeControl "2700+45"]

1. Nf3 Nf6 2. c4 d6 3. g3 Nc6 4. Bg2 e6 5. O-O Be7 6. d4 O-O 7. Nc3 d5 8. b3 Re8
9. Bb2 Nd7 10. cxd5 exd5 11. Nxd5 Nb4 12. Nxe7+ Qxe7 13. e3 Nd5 14. Rc1 c6 15.
Nd2 N7f6 16. Nc4 Ne4 17. Ne5 Ng5 18. Re1 f6 19. Nc4 Qd7 20. Ba3 Nf7 21. Qd3 b5
22. Na5 Bb7 23. Be4 g6 24. Bc5 f5 25. Bg2 Nf6 26. a4 a6 27. axb5 axb5 28. Nxb7
Qxb7 29. Bb4 Rac8 30. Ra1 Nd5 31. Bc5 Ra8 32. Qc2 Rxa1 33. Rxa1 Ra8 34. Qc1 b4
35. Rxa8+ Qxa8 36. Bxd5 cxd5 37. Bxb4 Qb7 38. Qc5 Qa8 39. Qa5 Qxa5 40. Bxa5 Nd6
41. Kf1 Kf7 42. Ke2 Ke8 43. Kf3 Kd7 44. Kf4 Nf7 45. f3 Ke6 46. e4 dxe4 47. fxe4
fxe4 48. Kxe4 Nd6+ 49. Kd3 Kd5 50. Bd8 Nb5 51. Bb6 Nd6 52. Bc5 {Black resigns}
1-0